AoeStats
← datarapues1998

Arabia

508310719Analyzed
1v1 RM · 10d ago on Sep 21, 2026· 50m 45s· 2 players
Game mode
Random Map
Map size
Tiny (2 player)
Population
200
Speed
Normal
Resources
Standard
Victory
Conquest
Starting age
Dark Age
Ending age
Imperial Age
RankedLock teamsTeams togetherTeam positionsShared explorationLock speedFull tech treeHidden civsTurbo modeCheats
Victory
Defeat
🇩🇪 Turks · Germany
1161
+18
🇨🇴 Vietnamese · Colombia
1195
-18
Emin Aga9
7:35 Loom
9:40 Feudal Age
10:11 Horse Collar
10:23 Double-Bit Axe
16:22 Bloodlines
18:30 Wheelbarrow
22:19 Castle Age
21:00 Forging
20:55 Scale Barding Armor
23:40 Iron Casting
23:25 Chain Barding Armor
23:38 Heavy Plow
25:48 Chain Barding Armor
27:06 Bow Saw
27:51 Gold Mining
27:54 Stone Mining
32:37 Hand Cart
33:19 Gold Shaft Mining
38:12 Imperial Age
35:25 Treadmill Crane
37:28 Town Watch
38:19 Thumb Ring
38:37 Sipahi
39:01 Husbandry
40:05 Two-Man Saw
40:01 Parthian Tactics
40:37 Blast Furnace
40:18 Plate Barding Armor
40:28 Town Patrol
40:21 Fletching
40:32 Padded Archer Armor
42:18 Conscription
42:52 Ballistics
41:54 Heavy Cavalry Archer
44:31 Bodkin Arrow
44:51 Leather Archer Armor
48:14 Bracer
48:44 Ring Archer Armor
datarapues1998
8:01 Loom
10:37 Feudal Age
11:35 Double-Bit Axe
14:09 Fletching
15:55 Horse Collar
17:07 Padded Archer Armor
21:07 Town Watch
23:57 Castle Age
24:39 Bodkin Arrow
24:04 Crossbowman
24:57 Bow Saw
28:51 Ballistics
29:03 Gold Mining
30:03 Thumb Ring
31:50 Wheelbarrow
32:31 Leather Archer Armor
32:38 Heavy Plow
40:55 Imperial Age
38:49 Hand Cart
38:30 Pikeman
39:46 Squires
39:48 Scale Mail Armor
41:19 Halberdier
42:21 Chain Mail Armor
42:27 Bracer
43:40 Ring Archer Armor
44:49 Plate Mail Armor
46:51 Forging
46:28 Arson
47:12 Arbalester
Connection lost

Rejoining the realm…

Still unreachable

The connection could not be restored.

Session expired

The server has moved on; the page needs a fresh start.